 Dungeon Crawl Stone Soup version 0.30-a0-310-g7d6cbdfea6 (webtiles) character file.

Game seed: 11492870317509424774

315 Sweetruy1997 the Cutter (level 6, 0/57 HPs)
             Began as a Kobold Berserker on Oct 25, 2022.
             Was a Priest of Trog.
             Splashed by a jelly's acid (3 damage)
             ... on level 3 of the Dungeon.
             The game lasted 00:06:06 (2402 turns).

Sweetruy1997 the Cutter (Kobold Berserker)          Turns: 2402, Time: 00:06:07

Health: 0/57       AC: -8    Str: 15    XL:     6   Next: 72%
Magic:  6/6        EV: 16    Int:  8    God:    Trog [***...]
Gold:   148        SH:  0    Dex: 23    Spells: 5/5 levels left

rFire   + . .      SeeInvis .    j - +3 dagger
rCold   . . .      Faith    .    (no shield)
rNeg    . . .      Spirit   .    n - +0 leather armour of the Bulwark {rF+ Dex+7}
rPois   .          Reflect  .    (no helmet)
rElec   .          Harm     .    (no cloak)
rCorr   .          Rampage  .    (no gloves)
Will    .....                    (no boots)
Stlth   ..........               (no amulet)
HPRegen 0.29/turn                (no ring)
MPRegen 0.10/turn                (no ring)

@: berserking, corroded, very quick
A: small, no large weapons, nightstalker 3
a: Renounce Religion, Berserk, Trog's Hand


You were on level 3 of the Dungeon.
You worshipped Trog.
Trog was most pleased with you.
You visited 1 branch of the dungeon, and saw 4 of its levels.

You collected 148 gold pieces.

Inventory:

Hand Weapons
 j - a +3 dagger (weapon)
Missiles
 h - 8 poisoned darts (quivered)
 m - 6 boomerangs
Armour
 n - the +0 leather armour of the Bulwark (worn) {rF+ Dex+7}
   (You found it on level 3 of the Dungeon)

   Dex:       It affects your dexterity (+7).
   rF:        It protects you from fire.
Wands
 l - a wand of charming (4)
Scrolls
 a - a scroll of noise {unknown}
 c - a scroll of poison {unknown}
 e - 3 scrolls of identify {unknown}
 f - 3 scrolls of teleportation {unknown}
 k - a scroll of butterflies {unknown}
 p - a scroll of enchant armour {unknown}
 q - 2 scrolls of fear {unknown}
Potions
 b - a potion of haste {unknown}
 d - 2 potions of degeneration {unknown}
 g - a potion of curing {unknown}
 i - a potion of ambrosia {unknown}
 o - a potion of heal wounds {unknown}


   Skills:
 + Level 4.0 Fighting
 + Level 6.0 Short Blades
 + Level 1.8 Throwing
 + Level 1.7 Armour
 + Level 3.5 Dodging
 + Level 5.1 Stealth


You had 5 spell levels left.
You didn't know any spells.
Your spell library was empty.

Dungeon Overview and Level Annotations

Branches:
Dungeon (4/15)
 Temple: D:4-7

Altars:

Shops:
D:1 [


Innate Abilities, Weirdness & Mutations

You are small and have problems with some larger weapons.
You are completely attuned to the shadows.


Message History

The poisoned dart barely misses the jelly.
You throw a poisoned dart. The poisoned dart hits the jelly.
You hit the jelly. The acid corrodes you!
Your hands burn!
The jelly is moderately wounded.
The jelly hits you.
You are splashed with acid!
You are too injured to fight recklessly!
You are too injured to fight recklessly!
You are too injured to fight recklessly!
The jelly attacks as you move away! The jelly closely misses you.
The jelly attacks as you move away! The jelly hits you. The acid corrodes you!
You are splashed with acid!
* * * LOW HITPOINT WARNING * * *
You hit the jelly but do no damage.
Your hands burn!
* * * LOW HITPOINT WARNING * * *
The jelly is moderately wounded.
The jelly misses you. The jelly attacks as you move away!
The jelly closely misses you. The jelly attacks as you move away!
The jelly misses you. The jelly attacks as you move away!
The jelly barely misses you.
There is a stone staircase leading up here.
The jelly barely misses you.
You climb upwards.
There is a stone staircase leading down here.
The jelly attacks as you move away! The jelly misses you.
You see here a +0 hand axe.
The jelly attacks as you move away! The jelly misses you.
The jelly attacks as you move away! The jelly misses you.
The jelly attacks as you move away! The jelly closely misses you.
The jelly attacks as you move away! The jelly hits you.
* * * LOW HITPOINT WARNING * * *
The acid corrodes you!
You are splashed with acid.
* * * LOW HITPOINT WARNING * * *
The jelly attacks as you move away! The jelly closely misses you.
A red film seems to cover your vision as you go berserk!
You feel yourself moving faster!
You feel mighty! The jelly barely misses you.
You hit the jelly but do no damage.
Your hands burn!
* * * LOW HITPOINT WARNING * * *
The jelly is moderately wounded.
You hit the jelly.
Your hands burn!
You die...

..........|....>.................
.#.#.........................#...
.#.##.#####...#######.<####..#...
.#<##.# #...# #.....#..####
.#.##.# #...# #..##.#..# .#.##.#
#...# #..##.#..# ......# #...#
#.......(# ......#
#...#######..##.#..#### #...#.#
#.....@J............).. .###..##
#####..#####.##.....### .# #...#
#...)..####.#####.## .###...#
#.#......##.#####.#
.......#####.#....#.##.......#
..................#.##.#######
..#.##.#####...........##
....[..# #......#.....# #......#
#......####.##


You could see a jelly.

Vanquished Creatures
  Grinder (D:3)
  Jessica (D:2)
  2 adders (D:2)
  2 worms (D:2)
  2 dart slugs
  5 bats
  5 endoplasms
  3 giant cockroaches
  5 goblins
  8 hobgoblins
  3 jackals (D:2)
  3 quokkas (D:2)
  8 ball pythons
  9 frilled lizards
  8 kobolds
  8 rats
73 creatures vanquished.

Notes
Turn   | Place    | Note
-------+----------+-------------------------------------------
     0 | D:1      | Sweetruy1997 the Kobold Berserker began the quest for the
                  | Orb.
     0 | D:1      | Reached XP level 1. HP: 14/14 MP: 1/1
   136 | D:1      | Reached XP level 2. HP: 19/19 MP: 2/2
   187 | D:1      | Found Vanuen's Armour Emporium.
   407 | D:1      | Reached XP level 3. HP: 22/23 MP: 3/3
   425 | D:1      | Found a faded altar of an unknown god.
   596 | D:1      | Reached ** piety under Trog
   641 | D:1      | Reached skill level 1 in Stealth
   749 | D:2      | Reached skill level 5 in Short Blades
  1010 | D:2      | Noticed Jessica
  1013 | D:2      | Killed Jessica
  1014 | D:2      | Reached XP level 4. HP: 29/29 MP: 4/4
  1197 | D:2      | Reached XP level 5. HP: 23/33 MP: 5/5
  1394 | D:2      | Reached *** piety under Trog
  1876 | D:3      | Identified the +0 leather armour of the Bulwark {rF+ Dex+7}
  1980 | D:3      | Noticed Grinder
  1986 | D:3      | Killed Grinder
  1987 | D:3      | Reached skill level 6 in Short Blades
  1987 | D:3      | Reached skill level 1 in Throwing
  1987 | D:3      | Reached skill level 5 in Stealth
  1987 | D:3      | Reached XP level 6. HP: 38/38 MP: 6/6
  2402 | D:3      | Splashed by a jelly's acid

Illustrated notes

Levels and vault maps discovered:
D:1:      minmay_arrival_plants_in_alcoves, layout_basic, serial_shops,
          nicolae_shop_temple_entry_statues_fountains,
          shapermc_ecumenical_altar_gd
D:2:      minmay_alternating_diamond, layout_loops_ring,
          minmay_misc_feat_rugged, uniq_jessica
D:3:      layout_loops_cross, uniq_grinder
D:4:      layout_basic, minmay_distorted

Skill      XL: |  1  2  3  4  5 |
---------------+----------------+-----
Stealth        | 2 3 5 |  5.1
Short Blades   | 5 6 |  6.0
Dodging        | 3 |  3.5
Fighting       | 4 |  4.0
Throwing       | 1 |  1.8
Armour         | |  1.7

Action                   |  1- 3 |  4- 6 || total
-------------------------+-------+-------++-------
Melee: Short sword       |    88 |       ||    88
       Punch             |     1 |       ||     1
       Dagger            |       |    80 ||    80
Throw: Dart              |     2 |    19 ||    21
Invok: Berserk           |       |     1 ||     1
 Stab: Sleeping          |    17 |    14 ||    31
       Distracted        |       |     1 ||     1
Armor: Animal skin       |    11 |     2 ||    13
       Leather armour    |       |     3 ||     3
Dodge: Dodged            |    63 |    52 ||   115

Table legend: (Time is in decaauts)
 A = Elapsed time spent in this place.
 B = Non-inter-level travel time spent in this place.
 C = Inter-level travel time spent in this place.
 D = Time resting spent in this place.
 E = Time spent auto-exploring this place.
 F = Levels seen in this place.
 G = Mean time per level.
                   A        B        C        D        E       F      G
               +--------+--------+--------+--------+--------+-----+--------+
         Total |   2358 |   2329 |     29 |      0 |   1856 |   4 |  589.5 |
       Dungeon |   2358 |   2329 |     29 |      0 |   1856 |   4 |  589.5 |
               +--------+--------+--------+--------+--------+-----+--------+

Top non-repeatable levels by time:
     D:2: 953 daAuts
     D:1: 732 daAuts
     D:3: 649 daAuts
     D:4: 22 daAuts
